 Dungeon Crawl Stone Soup version 0.14-a0-2746-g43b4f9c (webtiles) character file.

285 Neoxx the Covert (level 6, -1/39 HPs)
             Began as a Formicid Assassin on Feb 23, 2014.
             Succumbed to a scorpion's poison
             ... on Level 4 of the Dungeon.
             The game lasted 00:11:21 (3316 turns).

Neoxx the Covert (Formicid Assassin)                Turns: 3316, Time: 00:11:21

HP  -1/39        AC  5     Str 16      XL: 6   Next: 35%
MP   6/6         EV 11     Int 10      God:
Gold 75          SH  0     Dex 14      Spells:  1 memorised,  3 levels left

rFire  . . .     SeeInvis +     a - +2 dagger
rCold  . . .     Clarity  .     i - +1 robe {MR+}
rNeg   . . .     Conserve .     (no shield)
rPois  x         rCorr    .     (helmet unavailable)
rElec  .         rRot     .     d - +0 cloak
SustAb . .       Spirit   .     (no gloves)
rMut   .         Warding  .     (no boots)
Saprov . . .     Stasis   +     (no amulet)
MR     +....                    (no ring)
                                (no ring)

@: extremely poisoned, somewhat resistant to hostile enchantments, very stealthy
A: permanent stasis, dig shafts and tunnels, four strong arms, poison weakness,
antennae 3, exoskeleton 1
a: Dig, Shaft Self


You were on level 4 of the Dungeon.
You were not hungry.

You visited 1 branch of the dungeon, and saw 4 of its levels.

You collected 75 gold pieces.

Inventory:

Hand weapons
 a - a +2,+2 dagger (weapon)
 b - a +0 blowgun
 l - a +1,+0 dwarven dagger
 n - a +0,+2 short sword
Missiles
 e - 29 poisoned needles
 m - 7 darts (quivered)
 q - 17 darts of flame
Armour
 d - a +0 cloak (worn)
 i - a +1 robe of magic resistance (worn)
Comestibles
 g - a bread ration
 p - a lemon
 t - a rotting chunk of quokka flesh
 v - 4 chunks of orc flesh
 x - 2 chunks of hobgoblin flesh
 z - a meat ration
Scrolls
 h - 3 scrolls of teleportation
 j - a scroll of identify {unknown}
 k - 4 scrolls of remove curse
 o - a scroll of curse weapon {unknown}
 r - a scroll of curse armour {unknown}
 u - a scroll of curse jewellery {unknown}
 w - 2 scrolls of enchant weapon II {unknown}
Jewellery
 f - an uncursed ring of hunger {unknown}
Books
 c - a Grand Grimoire {highlevel}

   This book is beyond your current level of understanding.

   Spells                             Type                      Level
   Demonic Horde                      Summoning                    6
   Mass Abjuration                    Summoning                    6
   Haunt                              Necromancy/Summoning         7
   Summon Greater Demon               Summoning                    7
   Malign Gateway                     Summoning/Translocation      7
   Summon Horrible Things             Summoning                    8
 s - a book of Alchemy

   Spells                             Type                      Level
   *Lethal Infusion                   Charms/Necromancy            2
   Sublimation of Blood               Necromancy                   2
   Condensation Shield                Ice                          4
   Petrify                            Transmutation/Earth          4
   Ignite Poison                      Fire/Transmutation           5


   Skills:
 - Level 2.0 Fighting
 + Level 3.7 Short Blades
 - Level 1.5 Throwing
 - Level 0.8 Dodging
 - Level 8.0 Stealth


You had 3 spell levels left.
You knew the following spells:

 Your Spells              Type           Power        Failure   Level  Hunger
a - Lethal Infusion       Chrm/Necr      #.........   61%         2    ###....


Dungeon Overview and Level Annotations

Branches:
Dungeon (4/16)
 Temple: D:4-7

Altars:
Elyvilon


Innate Abilities, Weirdness & Mutations

Your are under a permanent stasis effect.
You can dig through walls and to a lower floor.
Your four strong arms can wield any weapon, most with a shield.
You are susceptible to poison.
You have a pair of large antennae on your head (SInv).
Your body is surrounded by an exoskeleton. (AC +1)


Message History

You feel sick.
The scorpion stings you but does no damage.
You hit the scorpion.
The scorpion is moderately wounded.
* * * LOW HITPOINT WARNING * * *
You feel very sick. The orc hits you but does no damage.
The scorpion stings you.
* * * LOW HITPOINT WARNING * * *
You are more poisoned.
The scorpion poisons you!
You barely miss the scorpion.
The scorpion is moderately wounded.
* * * LOW HITPOINT WARNING * * *
You feel sick.
You feel a little better. The orc closely misses you.
The scorpion barely misses you.
A giant gecko comes into view.
You hit the scorpion but do no damage.
The scorpion is moderately wounded.
You die...

... .......{......
#...#
#.(....{###.##
#.... .#.###. #.##
#...###[#.# #.
#.#. ...#.....# #{
#..# #.r#.....###.
#(## ............
#.# #s#.....# ##
#.# #@#?....####
#.# #o.........#
#.#
#........#.#####.#
##.# .#####.##.#
#.###..## .l.##.#
#........ ######.#
#.###.###
#.#####.###.#
#...........#
#############


You could see a scorpion, an orc, a giant gecko and a rat.

Vanquished Creatures
  Natasha (D:3)
  Ijyb (D:2)
  Jessica (D:2)
  7 adders
  A worm (D:3)
  4 orcs
  12 bats
  10 hobgoblins
  12 jackals
  9 kobolds
  A quokka (D:3)
  3 giant cockroaches
  4 giant geckos
  4 giant newts
  3 goblins
  5 rats
78 creatures vanquished.

Notes
Turn   | Place    | Note
--------------------------------------------------------------
     0 | D:1      | Neoxx, the Formicid Assassin, began the quest for the Orb.
     0 | D:1      | Reached XP level 1. HP: 14/14 MP: 1/1
    25 | D:1      | Reached skill level 5 in Stealth
    96 | D:1      | Reached XP level 2. HP: 16/19 MP: 2/2
   321 | D:1      | Reached XP level 3. HP: 20/24 MP: 3/3
   364 | D:1      | Reached skill level 6 in Stealth
   596 | D:2      | Noticed Jessica
   607 | D:2      | Killed Jessica
   607 | D:2      | Reached XP level 4. HP: 20/29 MP: 4/4
   867 | D:2      | Reached skill level 7 in Stealth
  1119 | D:2      | Reached XP level 5. HP: 29/34 MP: 5/5
  1558 | D:2      | Noticed Ijyb
  1576 | D:2      | Killed Ijyb
  1963 | D:3      | Reached skill level 8 in Stealth
  2410 | D:3      | Reached XP level 6. HP: 39/39 MP: 6/6
  2799 | D:3      | Noticed Natasha
  2818 | D:3      | Killed Natasha
  2820 | D:3      | Found a white marble altar of Elyvilon.
  3013 | D:3      | Learned a level 2 spell: Lethal Infusion
  3315 | D:4      | HP: 1/39 [poisoned by a scorpion]
  3316 | D:4      | Succumbed to a scorpion's poison

Action                   |  1- 3 |  4- 6 || total
-------------------------+-------+-------++-------
Melee: Dagger            |    85 |   186 ||   271
 Fire: Blowgun           |     4 |    42 ||    46
Throw: Dart              |     5 |       ||     5
 Abil: Dig               |       |     6 ||     6
  Use: Potion            |       |     2 ||     2
       Scroll            |       |     2 ||     2
 Stab: Sleeping          |     2 |     6 ||     8
